 Dungeon Crawl Stone Soup version 0.24.0-13-gcf9b319 (webtiles) character file.

Game seed: 12471275048167315962, levelgen mode: deterministic

653481 Badplus017 the Conqueror (level 27, -3/273 HPs)
             Began as a Minotaur Berserker on Nov 7, 2019.
             Was the Champion of Trog.
             Killed from afar by an orb of fire (104 damage)
             ... with a fireball
             ... on level 5 of the Realm of Zot on Nov 10, 2019.
             The game lasted 04:59:42 (70255 turns).

Badplus017 the Conqueror (Minotaur Berserker)      Turns: 70255, Time: 04:59:43

Health: -3/273     AC:  0    Str: 30    XL:     27
Magic:  9/25       EV: 40    Int:  4    God:    Trog [******]
Gold:   2997       SH:  0    Dex: 16    Spells: 26/26 levels left

rFire    . . .     SeeInvis .   (weapon currently unavailable)
rCold    . . .     Gourm    .   (shield currently unavailable)
rNeg     . . .     Faith    .   (armour currently unavailable)
rPois    .         Spirit   .   (helmet unavailable)
rElec    .         Reflect  .   (cloak currently unavailable)
rCorr    .         Harm     .   (gloves currently unavailable)
MR       ++++.                  (boots currently unavailable)
Stlth    +.........             Y - amulet "Raer" {+Rage MR++}
HPRegen  0.55/turn              (ring currently unavailable)
MPRegen  0.19/turn              (ring currently unavailable)

@: bat-form, flying, very quick
A: tiny, (retaliatory headbutt), clumsy 2, sense surroundings 1, screaming 2, no
potion heal 1
}: 4/15 runes: decaying, serpentine, slimy, silver
a: Berserk, Trog's Hand, Brothers in Arms, Renounce Religion, Evoke Berserk Rage


You were on level 5 of the Realm of Zot.
You worshipped Trog.
Trog was exalted by your worship.
You were completely stuffed.
You were in bat-form.
You visited 10 branches of the dungeon, and saw 54 of its levels.
You visited 2 bazaars.
You also visited: Ossuary and Desolation.

You collected 10411 gold pieces.
You spent 7414 gold pieces at shops.

Inventory:

Hand Weapons
 d - a +8 antimagic broad axe (melded)
 e - a +9 vampiric broad axe
 W - a +9 broad axe of electrocution
Missiles
 Z - 2 throwing nets (quivered)
Armour
 a - the +4 pair of gloves "Kibycazu" {rF++ rCorr Str+4}
   (You acquired it on level 5 of the Depths)

   It affects your strength (+4).
   It greatly protects you from fire.
   It provides partial protection from all sources of acid and corrosion.
 n - a +2 hat of see invisible
 w - the +12 plate armour of the Will of the Gods (melded) {Slay+3}
   (You found it in the Desolation of Salt)

   It affects your accuracy and damage with ranged weapons and melee attacks
   (+3).
 z - +0 gold dragon scales
 A - a +2 pair of boots (melded)
 J - the +1 cloak "Juiqufur" (melded) {rElec rCorr}
   (You found it on level 2 of the Lair of Beasts)

   It insulates you from electricity.
   It provides partial protection from all sources of acid and corrosion.
 M - a +2 cloak of magic resistance
 O - a +8 large shield (melded)
 R - the +0 pair of gloves of the Peasants (melded) {*Contam rPois rF+++ Int+2}
   (You bought it in a shop on level 2 of the Orcish Mines)

   It affects your intelligence (+2).
   It renders you almost immune to fire.
   It protects you from poison.
   It causes magical contamination when unequipped.
Jewellery
 K - a ring of protection from magic (melded)
 Q - the ring "Enoygraw" (melded) {rC+ Str+6}
   (You found it on level 4 of the Vaults)

   [ring of protection from cold]

   It affects your strength (+6).
   It protects you from cold.
 Y - the amulet "Raer" (around neck) {+Rage MR++}
   (You found it in the Desolation of Salt)

   [amulet of rage]

   It affects your resistance to hostile enchantments.
   It lets you go berserk.
Wands
 i - a wand of acid (26)
 p - a wand of random effects (25)
 C - a wand of iceblast (12)
 F - a wand of digging (16)
 H - a wand of paralysis (10)
 X - a wand of disintegration (13)
Scrolls
 b - 6 scrolls of fog
 h - 6 scrolls of blinking
 j - 33 scrolls of remove curse
 k - 9 scrolls of fear
 q - 6 scrolls of magic mapping
 u - 19 scrolls of teleportation
 E - 8 scrolls of immolation
 G - 2 scrolls of silence
 P - 3 scrolls of holy word
 T - 11 scrolls of identify
Potions
 l - 3 potions of mutation
 m - 18 potions of heal wounds
 o - 14 potions of flight
 r - 7 potions of might
 s - 6 potions of cancellation
 t - 4 potions of invisibility
 v - 4 potions of agility
 x - 20 potions of curing
 D - a potion of brilliance
 I - 9 potions of haste
 N - a potion of resistance
Miscellaneous
 L - a phial of floods
 S - 5 boxes of beasts
 U - a lamp of fire
Comestibles
 c - 63 rations


   Skills:
 O Level 27 Fighting
 - Level 18.0 Axes
 O Level 27 Armour
 + Level 23.6 Dodging
 - Level 25.0 Shields
 - Level 5.0 Evocations


You had 26 spell levels left.
You didn't know any spells.
Your spell library contained the following spells:

 Spells                   Type           Power        Failure   Level  Hunger
 Animate Skeleton         Necr           N/A          50%         1    ##.....
 Apportation              Tloc           #.....       50%         1    ##.....
 Beastly Appendage        Tmut           #.....       50%         1    ##.....
 Confusing Touch          Hex            #.....       50%         1    ##.....
 Summon Small Mammal      Summ           #...         50%         1    ##.....
 Sticks to Snakes         Tmut           #.......     65%         2    ###....
 Spider Form              Tmut/Pois      #.........   86%         3    ####...
 Ice Form                 Ice/Tmut       #.......     99%         4    #####..
 Blade Hands              Tmut           #.........   100%        5    ######.


Dungeon Overview and Level Annotations

Branches:
Dungeon (15/15)            Temple (0/1) D:4            Lair (6/6) D:10
  Swamp (4/4) Lair:3        Snake (4/4) Lair:2        Slime (5/5) Lair:6
    Orc (2/2) D:10            Elf (3/3) Orc:2        Vaults (5/5) D:14
  Crypt (0/3) Vaults:3     Depths (5/5) D:15            Zot (5/5) Depths:5
Ossuary (visited)         Desolation (visited)

Altars:
Cheibriados
Dithmenos
Elyvilon
Gozag
Kikubaaqudgha
Uskayaw
Wu Jian
Beogh
Jiyva

Shops:
D:4 *!   D:8 *   D:13 !   Orc:2 [[([   Elf:3 =   Snake:1 *   Snake:2 ==}
Vaults:1 (*[[   Vaults:2 }((   Depths:3 =   Depths:5 [!*?

Portals:
Hell: Depths:1 Depths:3 Depths:4 Depths:5
Abyss: Depths:3 Depths:4
Pandemonium: Depths:3 Depths:5
Ziggurat: Depths:1
Trove: D:10 (give 3 potions of resistance)

Annotations:
Snake:1 Roxanne
Vaults:3 8 runed translucent doors, SlowGraham's ghost, legendary KoMo
Depths:1 exclusion: shining eye
Depths:2 1 runed translucent door
Zot:5 3 runed translucent doors, exclusions: obsidian statue and 1 more exclusion, tehofadaz's ghost, veteran DDFi


Innate Abilities, Weirdness & Mutations

((You reflexively headbutt those who attack you in melee.))
((You have a pair of large horns on your head.))
((You are partially covered in large bone plates. (SH +4)))
((Your skin changes colour to match your surroundings (Stealth+).))
You are very clumsy. (Dex -4)
You passively map a small area around you.
You sometimes yell uncontrollably at your foes.
Potions are less effective at restoring your health.
((Your movements are slightly less encumbered by armour. (ER -2)))


Message History

The orb of fire is severely damaged.
You hit the orb of fire but do no damage.
The orb of fire is severely damaged.
The Killer Klown closely misses you.
The orb of fire glows red.
The bolt of fire misses you.
You barely miss the orb of fire.
The orb of fire is severely damaged.
You hit the orb of fire but do no damage.
The orb of fire is severely damaged.
The Killer Klown throws klown pie at you.
The klown pie misses you.
You miss the orb of fire.
The orb of fire is severely damaged.
The orb of fire falters for a moment.
The Killer Klown blinks!
You hit the orb of fire but do no damage.
The orb of fire is severely damaged.
The orb of fire glows bright magenta.
The fireball explodes!
The fireball engulfs you!!!!
You die...

*▓......................*,.....
**..^....................**.^...
*,.......................**▓....
*,..............D........* ▓▓▓▓▓
**......................#*
*▓.....$.^........^..▓#*
*▓...............▓▓▓▓
▓▓.....##▓▓▓▓▓▓▓▓▓▓▓#
*#...........b.......###
*#...........*§...##....##
**................^^###...######
*,...................###........
*,................(..# ##.......
*,................^..# #.......
*,........p.$........# ##......
*,,..................# #......
*,,,,...............,* ##......


You could see an orb of fire and a Killer Klown.

Vanquished Creatures
  the Royal Jelly (Slime:5)
  2 ancient liches (Zot:5)
  An orb of fire (Zot:5)
  3 juggernauts
  5 Killer Klowns (Zot:5)
  Frederick (Vaults:4)
  Boris (thrice) (Vaults:3 Vaults:5 Depths:2)
  The ghost of Gucom the Timeless, a veteran GnFi of Cheibriados (Depths:1)
  Margery (Vaults:4)
  A curse toe (Zot:5)
  2 caustic shrikes
  Xtahua (Vaults:4)
  Nikola (Swamp:2)
  8 golden dragons
  2 electric golems (Zot:5)
  Jorgrun (Orc:2)
  4 liches
  8 tentacled monstrosities
  22 Orb Guardians (Zot:5)
  3 titans
  A deep elf blademaster (Elf:3)
  Asterion (Vaults:1)
  A deep elf master archer (Elf:3)
  5 quicksilver dragons
  3 death cobs
  33 acid blobs
  4 sphinxes
  Gastronok (Lair:2)
  Frances (D:14)
  2 thorn hunters
  Kirke (Lair:5)
  Agnes (D:14)
  2 ancient champions (Vaults:3)
  3 shadow dragons
  8 storm dragons
  7 draconian monks
  9 tengu reavers
  18 azure jellies
  11 nagarajas
  8 frost giants
  2 iron dragons
  5 fire giants
  An orc warlord (Orc:1)
  A draconian knight (Zot:5)
  9 deep elf sorcerers
  Aizul (Snake:1)
  10 vault wardens
  Louise (Snake:1)
  3 imperial myrmidons (Desolation)
  A ghoul (Vaults:3)
  2 draconian stormcallers (Zot:5)
  4 draconian annihilators
  2 draconian scorchers
  4 deep elf elementalists (Elf:3)
  4 draconian shifters
  11 ironheart preservers
  17 stone giants
  4 war gargoyles
  29 very ugly things
  3 vampire knights
  9 deep elf demonologists
  2 entropy weavers
  8 purple draconians
  7 green draconians
  3 halazid warlocks (Desolation)
  7 white draconians
  10 deep elf annihilators
  9 black draconians
  8 yellow draconians
  Nessos (D:14)
  13 red draconians
  6 spark wasps
  Azrael (Orc:2)
  Snorg (D:10)
  2 green deaths (Swamp:4)
  5 deep elf death magi
  3 merfolk javelineers (Depths:4)
  11 ettins
  13 yaktaur captains
  8 death oozes
  7 deep elf high priests
  9 rakshasas
  3 crystal guardians
  Josephine (D:14)
  9 fire dragons
  A merfolk impaler (Depths:2)
  Harold (D:10)
  16 great orbs of eyes
  10 ogre magi
  8 servants of whispers (Desolation)
  4 ragged hierophants (Desolation)
  25 vault guards
  15 naga warriors
  8 centaur warriors
  4 spriggan air magi
  5 ghost crabs (Swamp:3)
  15 hydras
  5 peacekeepers
  10 ice dragons
  Erica (Lair:2)
  A shambling mangrove (Swamp:2)
  2 hell beasts (Swamp:4)
  An anaconda (shapeshifter) (Vaults:4)
  29 two-headed ogres
  33 dancing weapons
  17 alligators
  22 anacondas
  8 deep troll earth magi
  A titan zombie (Depths:3)
  10 deep troll shamans
  3 death knights
  7 tengu warriors
  6 death yaks (Lair:4)
  A thrashing horror (Swamp:4)
  A vampire mage (Depths:5)
  4 spriggan berserkers
  9 shock serpents
  6 orc high priests
  2 small abominations (Vaults:4)
  A shock serpent (shapeshifter) (Depths:3)
  7 naga sharpshooters
  15 hell knights
  2 fire crabs (shapeshifter)
  4 iron trolls
  7 salamander mystics
  16 deep elf knights
  A skeletal warrior (D:15)
  A storm dragon skeleton (Depths:3)
  30 deep trolls
  3 large abominations
  A shadow wraith (Vaults:4)
  5 wizards
  3 spriggan druids (Swamp:3)
  2 unseen horrors (Vaults:1)
  9 swamp dragons
  3 glowing orange brains
  2 flayed ghosts
  3 death drakes (Depths:5)
  11 deep elf archers
  2 swamp dragons (shapeshifter) (Vaults:1)
  5 naga ritualists
  28 orc knights
  14 mana vipers
  6 necromancers
  6 phantasmal warriors
  A sphinx zombie (Depths:1)
  15 ironbrand convokers
  8 harpies
  5 wolf spiders
  A shadow dragon zombie (Depths:3)
  8 lindwurms
  7 oklob plants
  A wolf spider (shapeshifter) (Depths:4)
  29 ugly things
  9 salamanders
  A shining eye (shapeshifter) (Vaults:1)
  60 deep elf magi
  7 orc sorcerers
  A cyclops (shapeshifter) (Depths:5)
  A manticore (shapeshifter) (Vaults:5)
  2 shining eyes (Slime:4)
  4 cyclopes
  A manticore (D:15)
  33 black mambas
  12 moths of wrath
  10 guardian serpents
  An eye of devastation (shapeshifter) (Depths:2)
  19 naga magi
  12 vault sentinels
  A molten gargoyle (Desolation)
  Joseph (D:7)
  An eye of devastation (Slime:5)
  4 centaur skeletons
  4 apocalypse crabs (Swamp:3)
  An orange demon (Swamp:4)
  17 spiny frogs
  A yaktaur (shapeshifter) (Vaults:2)
  4 gargoyles
  4 kobold demonologists
  2 efreet
  4 rime drakes
  2 elf skeletons (Depths:3)
  28 yaktaurs
  12 freezing wraiths
  10 komodo dragons
  3 tengu conjurers
  A yaktaur zombie (Depths:1)
  10 polar bears
  2 queen bees
  9 trolls
  A jumping spider (shapeshifter) (Vaults:4)
  10 tyrant leeches
  A merfolk (D:13)
  12 bog bodies
  2 jumping spiders
  Prince Ribbit (D:6)
  17 hornets
  43 saltlings (Desolation)
  A blink frog (shapeshifter) (Vaults:1)
  A hornet (shapeshifter) (Vaults:4)
  2 ettin zombies (Depths:1)
  6 hippogriffs
  33 blink frogs
  97 slime creatures
  11 dream sheep
  A fire giant simulacrum (Depths:1)
  2 harpy skeletons
  2 raiju (Lair:6)
  10 spriggans
  3 air elementals
  26 water elementals
  5 redbacks
  6 shadows
  A tarantella (shapeshifter) (Depths:2)
  3 wyverns
  4 vampires
  4 fire elementals
  A hog (Lair:5)
  A human (shapeshifter) (Elf:3)
  61 yaks
  7 wraiths
  3 basilisks
  3 golden eyes (Slime:5)
  2 humans (Lair:5)
  23 vampire mosquitoes
  A human simulacrum (Vaults:3)
  Menkaure (Ossuary)
  14 swamp worms
  18 insubstantial wisps
  9 wargs
  A warg (shapeshifter) (Vaults:5)
  A yaktaur simulacrum (Vaults:3)
  35 nagas
  2 acid dragons
  9 water moccasins
  2 floating eyes (Depths:3)
  6 porcupines
  11 black bears (Lair:6)
  16 hell hounds
  5 ice beasts
  69 orc warriors
  6 swamp drakes
  A black bear (shapeshifter) (Depths:4)
  4 phantoms
  2 sky beasts
  3 eyes of draining (Slime:4)
  A necrophage (D:13)
  24 ogres
  42 wolves
  8 centaurs
  12 crocodiles
  4 big kobolds
  14 bullfrogs
  5 earth elementals
  A wyvern zombie (D:11)
  3 wyvern skeletons
  5 scorpions
  A water moccasin zombie (D:9)
  38 killer bees
  2 jellies
  5 wights (D:12)
  An electric eel (Lair:4)
  6 crimson imps
  8 centaur zombies
  A quasit (D:13)
  A bullfrog zombie (D:9)
  A bullfrog skeleton (D:4)
  6 hounds
  39 orc priests
  32 orc wizards
  2 iguanas
  11 worker ants
  A hound skeleton (D:6)
  4 mummies
  10 gnolls
  19 adders
  8 shadow imps
  A white imp (Depths:1)
  2 adder zombies
  An adder skeleton (D:8)
  2 worms
  2 dart slugs
  3 leopard geckos
  152 orcs
  3 ball pythons
  9 bats
  4 giant cockroaches
  7 gnoll zombies (Ossuary)
  9 goblins
  5 hobgoblins
  23 jackals
  21 kobolds
  2 quokkas
  2 frilled lizards
  8 gnoll skeletons (Ossuary)
  3 goblin skeletons (Ossuary)
  4 goblin zombies (Ossuary)
  3 hobgoblin skeletons (Ossuary)
  6 hobgoblin zombies
  2 kobold skeletons (Ossuary)
  6 kobold zombies
  A leopard gecko skeleton (D:4)
  3 orc zombies (Ossuary)
  A quokka zombie (D:6)
  6 rats
  8 rat skeletons (Ossuary)
  A rat zombie (Ossuary)
  A butterfly (Lair:2)
  2 crawling corpses (Vaults:4)
  3 fungi
  8 plants
2559 creatures vanquished.

Vanquished Creatures (collateral kills)
  Sojobo (Depths:2)
  2 acid blobs (Slime:5)
  2 tengu reavers (Depths:2)
  A death ooze (Slime:5)
  A hydra (Lair:4)
  A death knight (D:15)
  A komodo dragon (Lair:1)
  A freezing wraith (D:15)
  2 fire elementals (Orc:2)
  A water moccasin (Lair:1)
  A hell hound (Orc:2)
  4 killer bees (Lair:1)
18 creatures vanquished.

Vanquished Creatures (others)
  A lich (Depths:3)
  A deep elf master archer (Elf:3)
  A stone giant (Vaults:3)
  3 yaktaur captains
  A rakshasa (Vaults:1)
  2 centaur warriors
  3 naga sharpshooters
  A salamander mystic (Snake:4)
  2 deep elf knights
  A spriggan druid (Swamp:3)
  7 deep elf archers
  A naga ritualist (Snake:1)
  A deep elf mage (Elf:1)
  A cyclops (Vaults:2)
  A naga mage (Snake:4)
  A guardian serpent (Desolation)
  A centaur skeleton (D:15)
  A freezing wraith (Vaults:1)
  A saltling (Desolation)
  3 nagas
  A killer bee (Depths:2)
  An orc priest (D:14)
  An orc (Vaults:4)
  A hobgoblin skeleton (Ossuary)
  5 fungi
  63 plants
106 creatures vanquished.

Grand Total: 2683 creatures vanquished

Notes
Turn   | Place    | Note
-------+----------+-------------------------------------------
     0 | D:1      | Badplus017 the Minotaur Berserker began the quest for the
                  | Orb.
     0 | D:1      | Reached XP level 1. HP: 19/19 MP: 0/0
    93 | D:1      | Reached XP level 2. HP: 25/27 MP: 1/1
   977 | D:2      | Noticed a crimson imp
   988 | D:2      | Reached XP level 3. HP: 33/33 MP: 2/2
  1023 | D:2      | Reached XP level 4. HP: 41/41 MP: 3/3
  1086 | D:2      | Reached ** piety under Trog
  1651 | D:3      | Reached XP level 5. HP: 47/47 MP: 4/4
  1665 | D:3      | Found an opulent altar of Gozag.
  2641 | D:4      | Noticed an ogre
  2642 | D:4      | Found Jotel's General Store.
  2659 | D:4      | Reached skill level 5 in Axes
  2665 | D:4      | Found a sand-covered staircase.
  2670 | D:4      | Killed an ogre
  2670 | D:4      | Reached skill level 5 in Fighting
  2670 | D:4      | Reached XP level 6. HP: 50/56 MP: 5/5
  2711 | Ossuary  | Entered an ossuary
  2872 | Ossuary  | Reached *** piety under Trog
  3095 | Ossuary  | Reached **** piety under Trog
  3124 | Ossuary  | Noticed Menkaure
  3133 | Ossuary  | Killed Menkaure
  3242 | D:4      | Reached skill level 5 in Armour
  3242 | D:4      | Reached XP level 7. HP: 55/62 MP: 6/6
  3256 | D:4      | Bought a +0 war axe of chopping for 79 gold pieces
  3256 | D:4      | Bought a scroll of teleportation for 33 gold pieces
  3761 | D:4      | Found a staircase to the Ecumenical Temple.
  3804 | D:4      | Found Perpho's Distillery.
  3813 | D:4      | Bought a potion of curing for 36 gold pieces
  3943 | D:5      | Entered Level 5 of the Dungeon
  3963 | D:5      | Reached skill level 5 in Dodging
  4624 | D:6      | Reached XP level 8. HP: 71/71 MP: 7/7
  4634 | D:6      | Got a scorched falchion
  4635 | D:6      | Identified the +10 falchion "Riqis" {slice, *Corrode +Blink
                  | +Fly Int+3} (You found it on level 6 of the Dungeon)
  4737 | D:6      | Reached ***** piety under Trog
  4808 | D:6      | Noticed a hornet
  4816 | D:6      | Killed a hornet
  5132 | D:6      | Noticed Prince Ribbit
  5148 | D:6      | Killed Prince Ribbit
  5376 | D:7      | Reached XP level 9. HP: 81/81 MP: 8/8
  5756 | D:7      | Noticed Joseph
  5773 | D:7      | Killed Joseph
  5773 | D:7      | Reached skill level 1 in Evocations
  5817 | D:7      | Noticed a two-headed ogre
  5836 | D:7      | Killed a two-headed ogre
  5979 | D:7      | Found a white marble altar of Elyvilon.
  5981 | D:7      | Found a hide-covered altar of Uskayaw.
  5986 | D:7      | Found a snail-covered altar of Cheibriados.
  6121 | D:8      | Found Enagoack's Assorted Antiques.
  6127 | D:8      | Bought a scroll of identify for 42 gold pieces
  6235 | D:8      | Found a shadowy altar of Dithmenos.
  6297 | D:8      | Reached XP level 10. HP: 91/91 MP: 10/10
  6484 | D:8      | Noticed a two-headed ogre
  6489 | D:8      | Killed a two-headed ogre
  6892 | D:9      | Noticed a two-headed ogre
  6905 | D:9      | Killed a two-headed ogre
  7080 | D:8      | Reached skill level 10 in Fighting
  7083 | D:8      | Reached skill level 10 in Axes
  7658 | D:9      | Reached skill level 10 in Armour
  7862 | D:10     | Entered Level 10 of the Dungeon
  7887 | D:10     | Received a gift from Trog
  7919 | D:10     | Noticed a two-headed ogre
  7941 | D:10     | Killed a two-headed ogre
  7941 | D:10     | Reached XP level 11. HP: 81/101 MP: 13/13
  7941 | D:10     | Noticed Snorg
  7973 | D:9      | Found an ancient bone altar of Kikubaaqudgha.
  7980 | D:9      | Got an ivory mace
  8023 | D:10     | Killed Snorg
  8105 | D:10     | You fall into a shaft and drop 1 floor!
  8338 | D:10     | Reached skill level 5 in Evocations
  8355 | D:10     | Found a staircase to the Orcish Mines.
  8444 | D:10     | Found a portal to a secret trove of treasure.
  8624 | D:10     | Noticed Harold
  8639 | D:10     | Killed Harold
  8838 | D:10     | Found a staircase to the Lair.
  9121 | Lair:1   | Entered Level 1 of the Lair of Beasts
  9153 | D:10     | Reached skill level 10 in Dodging
  9438 | Lair:1   | Received a gift from Trog
  9930 | Lair:1   | Reached XP level 12. HP: 96/111 MP: 14/14
 10552 | Lair:2   | Noticed Gastronok
 10572 | Lair:2   | Killed Gastronok
 10742 | Lair:2   | Noticed Erica
 10761 | Lair:2   | Killed Erica
 10911 | Lair:2   | Found a staircase to the Snake Pit.
 11170 | Lair:2   | Noticed a fire dragon
 11186 | Lair:2   | Killed a fire dragon
 11389 | Lair:2   | Found the +9 sword of Zonguldrok {reap}
 11413 | Lair:2   | Got a translucent cloak
 11427 | Lair:2   | Identified the +1 cloak "Juiqufur" {rElec rCorr} (You found
                  | it on level 2 of the Lair of Beasts)
 11528 | Lair:2   | Identified the +8 mace of the Big Bang {crush, rPois Int+5
                  | Dex-4} (You found it on level 9 of the Dungeon)
 11885 | Lair:3   | Reached XP level 13. HP: 116/122 MP: 15/15
 12008 | Lair:3   | Found a staircase to the Swamp.
 13113 | Lair:4   | Reached skill level 1 in Shields
 13408 | Lair:4   | Received a gift from Trog
 13785 | Lair:5   | Noticed Kirke
 13863 | Lair:5   | Killed Kirke
 14263 | Lair:5   | Found an ornate altar of the Wu Jian Council.
 14381 | Lair:5   | Reached XP level 14. HP: 132/132 MP: 16/16
 14595 | Lair:6   | Entered Level 6 of the Lair of Beasts
 15464 | Lair:6   | Reached skill level 5 in Shields
 15615 | Lair:6   | Received a gift from Trog
 15618 | Lair:6   | Got a transparent executioner's axe {god gift}
 15994 | Lair:6   | Found a staircase to the Slime Pits.
 16351 | Orc:1    | Entered Level 1 of the Orcish Mines
 16866 | Orc:2    | Entered Level 2 of the Orcish Mines
 17007 | Orc:2    | Noticed Azrael
 17022 | Orc:2    | Killed Azrael
 17792 | Orc:2    | Found a roughly hewn altar of Beogh.
 17813 | Orc:2    | Noticed an orc warlord
 17821 | Orc:2    | Found a staircase to the Elven Halls.
 18031 | Orc:1    | Killed an orc warlord
 18614 | Orc:1    | Reached skill level 15 in Fighting
 18656 | Orc:2    | Reached skill level 15 in Axes
 18725 | Orc:2    | Noticed Jorgrun
 18747 | Orc:2    | Killed Jorgrun
 19259 | Orc:2    | Reached XP level 15. HP: 97/141 MP: 17/17
 19266 | Orc:2    | Reached skill level 15 in Armour
 19539 | Orc:2    | Found Ischurh Qavi's Armour Shop.
 19539 | Orc:2    | Found Weuwk's Antique Armour Shop.
 19540 | Orc:2    | Found Maife's Antique Armour Boutique.
 19540 | Orc:2    | Found Ateifukk's Antique Weapon Shop.
 19558 | Orc:2    | Bought a runed cloak for 187 gold pieces
 19558 | Orc:2    | Bought a pair of bloodstained gloves for 237 gold pieces
 19573 | Orc:2    | Identified the cursed +0 pair of gloves of the Peasants
                  | {*Contam rPois rF+++ Int+2} (You bought it in a shop on
                  | level 2 of the Orcish Mines)
 19780 | D:11     | Received a gift from Trog
 21322 | D:13     | Found an opulent altar of Gozag.
 21654 | D:13     | You fall into a shaft and drop 2 floors!
 21654 | D:15     | Entered Level 15 of the Dungeon
 22120 | D:13     | Found Hiqac's Distillery.
 22168 | D:13     | Bought a potion of resistance for 180 gold pieces
 22168 | D:13     | Bought a potion of heal wounds for 90 gold pieces
 22637 | D:14     | Received a gift from Trog
 22653 | D:14     | Reached ****** piety under Trog
 22850 | Orc:2    | Bought a runed broad axe for 231 gold pieces
 23062 | Swamp:1  | Entered Level 1 of the Swamp
 23357 | Orc:2    | Bought a pair of boots for 148 gold pieces
 24493 | Swamp:2  | You fall into a shaft and drop 1 floor!
 24494 | Swamp:3  | Noticed a thorn hunter
 24636 | Swamp:3  | Reached XP level 16. HP: 123/151 MP: 18/18
 24790 | Swamp:3  | Killed a thorn hunter
 25033 | Swamp:2  | Got a twisted mace
 25034 | Swamp:2  | Identified the +1 mace of Qadim {freeze, Dex+4} (You found
                  | it on level 2 of the Swamp)
 25101 | Swamp:2  | Noticed Nikola
 25115 | Swamp:2  | Killed Nikola
 25115 | Swamp:2  | Received a gift from Trog
 25115 | Swamp:2  | Reached skill level 10 in Shields
 26446 | Swamp:3  | Found a runed translucent door.
 26627 | Swamp:4  | Entered Level 4 of the Swamp
 26929 | Swamp:3  | Upgraded the game from 0.24.0-1-gfbc8707 to
                  | 0.24.0-13-gcf9b319
 27205 | Swamp:3  | Found the +7 sceptre of Torment {pain, torment}
 27443 | Swamp:4  | Received a gift from Trog
 28363 | Swamp:4  | Noticed a thorn hunter
 28783 | Swamp:4  | Reached XP level 17. HP: 154/161 MP: 19/19
 28835 | Swamp:4  | Received a gift from Trog
 29008 | Swamp:4  | Got a decaying rune of Zot
 29403 | Snake:1  | Entered Level 1 of the Snake Pit
 29517 | Snake:1  | Found Arphuuf's Assorted Antiques.
 29549 | Snake:1  | Noticed Aizul
 29558 | Snake:1  | Killed Aizul
 29642 | Snake:1  | Identified Roxanne's Reference Book on Shape Shifting
 29642 | Snake:1  | Noticed Roxanne
 29813 | Snake:1  | Noticed Louise
 29816 | Snake:1  | Identified the +7 long sword of Anxiety {slice, -Tele rElec
                  | rF++ Int+4}
 29868 | Snake:1  | Killed Louise
 31678 | Snake:2  | Found Sucviasi's Gadget Shop.
 31678 | Snake:2  | Found Kuankyn's Jewellery Shoppe.
 31679 | Snake:2  | Found Byubrieg's Jewellery Shoppe.
 31685 | Snake:2  | Bought an uncursed ring of see invisible for 210 gold
                  | pieces
 31687 | Snake:2  | Bought a box of beasts for 340 gold pieces
 31778 | Snake:3  | Reached skill level 15 in Dodging
 32610 | Snake:3  | Received a gift from Trog
 32989 | Snake:4  | Entered Level 4 of the Snake Pit
 33725 | Snake:4  | Identified the +9 war axe of the Dead {pain, +Fly rElec rC+
                  | MR+}
 33818 | Snake:4  | Reached XP level 18. HP: 164/172 MP: 15/20
 34793 | Snake:4  | Received a gift from Trog
 36096 | Snake:4  | Received a gift from Trog
 36359 | Snake:4  | Got a serpentine rune of Zot
 36876 | D:14     | Noticed Josephine
 36889 | D:14     | Killed Josephine
 36924 | D:14     | Noticed Agnes
 36939 | D:14     | Killed Agnes
 37140 | D:14     | Noticed Nessos
 37146 | D:14     | Killed Nessos
 37234 | D:14     | Noticed Frances
 37254 | D:14     | Killed Frances
 37475 | D:14     | Found a gate to the Vaults.
 38025 | D:15     | Reached XP level 19. HP: 183/183 MP: 21/21
 38069 | D:15     | Received a gift from Trog
 38140 | D:15     | Found a staircase to the Depths.
 38157 | D:15     | Reached skill level 15 in Shields
 38384 | Elf:1    | Entered Level 1 of the Elven Halls
 38408 | Elf:1    | Found a ruined gateway.
 38444 | Desolati | Entered the Desolation of Salt
 38732 | Desolati | Received a gift from Trog
 38824 | Desolati | Got a crude plate armour
 38832 | Desolati | Identified the +9 plate armour "Qairpheps" {*Slow Regen+
                  | rCorr SInv} (You found it in the Desolation of Salt)
 38835 | Desolati | Got a polished battleaxe
 38836 | Desolati | Identified the +7 battleaxe "Koarph" {venom, rC+} (You
                  | found it in the Desolation of Salt)
 38847 | Desolati | Got a scorched crystal amulet
 38870 | Desolati | Identified the amulet "Raer" {+Rage MR++} (You found it in
                  | the Desolation of Salt)
 39614 | Desolati | Got a transparent wooden ring
 39616 | Desolati | Got a translucent plate armour
 39618 | Desolati | Identified the +12 plate armour of the Will of the Gods
                  | {Slay+3} (You found it in the Desolation of Salt)
 39859 | Elf:1    | Found a flickering gateway to a bazaar.
 39868 | Bazaar   | Entered a bazaar
 39880 | Bazaar   | Found Samil's Jewellery Boutique.
 39882 | Bazaar   | Found Paxkiybb's Antique Armour Emporium.
 39893 | Bazaar   | Found Hesujypn's Magic Scroll Emporium.
 39897 | Bazaar   | Found Foorch's Jewellery Boutique.
 39899 | Bazaar   | Bought a scroll of enchant weapon for 90 gold pieces
 39899 | Bazaar   | Bought a scroll of holy word for 90 gold pieces
 39899 | Bazaar   | Bought a scroll of enchant armour for 90 gold pieces
 39899 | Bazaar   | Bought a scroll of immolation for 42 gold pieces
 39899 | Bazaar   | Bought a scroll of immolation for 42 gold pieces
 39899 | Bazaar   | Bought a scroll of identify for 24 gold pieces
 39947 | Elf:1    | Received a gift from Trog
 39999 | Elf:1    | Received a gift from Trog
 40337 | Elf:1    | Found a runed translucent door.
 40405 | Elf:1    | Identified the Papyrus of Spatial Summoning
 40406 | Elf:1    | Identified the ring of Ihoogg {rPois Str+5} (You found it
                  | in the Desolation of Salt)
 41243 | Elf:2    | Found an ancient bone altar of Kikubaaqudgha.
 41536 | Elf:2    | Found a huge runed translucent gate.
 41536 | Elf:2    | Found a huge runed translucent gate.
 41536 | Elf:2    | Found a huge runed translucent gate.
 41621 | Elf:2    | Received a gift from Trog
 41815 | Elf:2    | Found a huge runed translucent gate.
 41815 | Elf:2    | Found a huge runed translucent gate.
 41862 | Elf:2    | Reached XP level 20. HP: 192/193 MP: 22/22
 42357 | Elf:3    | Entered Level 3 of the Elven Halls
 42808 | Elf:3    | Received a gift from Trog
 43404 | Elf:3    | Found Esagung's Jewellery Shop.
 43611 | Elf:3    | Identified the +1 triple sword of Sagog {pain, *Rage +Inv
                  | rElec Dex+5 SInv}
 43706 | Elf:3    | Identified the +7 hand axe "Vim Nach" {chop, +Fly rElec}
 43951 | Elf:3    | Received a gift from Trog
 44212 | Elf:3    | Identified the Collected Works on Mutagenic Curses
 44213 | Elf:3    | Identified the Papyrus of Quantum Aid
 44216 | Elf:3    | Got a twitching bronze amulet
 44217 | Elf:3    | Identified the amulet "Iheusipp" {Inacc MP-9 Dex+6} (You
                  | found it on level 3 of the Elven Halls)
 44628 | Vaults:1 | Entered Level 1 of the Vaults
 44628 | Vaults:1 | Noticed Asterion
 44639 | Vaults:1 | Killed Asterion
 45452 | Vaults:1 | Found Gozag's Assorted Antiques.
 45455 | Vaults:1 | Found an opulent altar of Gozag.
 45460 | Vaults:1 | Found Gozag's Antique Armour Boutique.
 45462 | Vaults:1 | Found Gozag's Antique Armour Shop.
 45497 | Vaults:1 | Reached XP level 21. HP: 198/204 MP: 23/23
 45512 | Vaults:1 | Bought an embroidered cloak for 750 gold pieces
 45649 | Vaults:1 | Received a gift from Trog
 46152 | Vaults:1 | Found Bodotiar's Weapon Emporium.
 46958 | Vaults:2 | Found Zunughyu's Weapon Shop.
 46958 | Vaults:2 | Found Gebrautz's Gadget Shop.
 46964 | Vaults:2 | Found Oqaemm's Antique Weapon Shop.
 47154 | Vaults:2 | Received a gift from Trog
 48124 | Vaults:3 | Noticed Boris
 48137 | Vaults:3 | Killed Boris
 48416 | Vaults:3 | Found a large runed translucent door.
 48416 | Vaults:3 | Found a large runed translucent door.
 48416 | Vaults:3 | Found a large runed translucent door.
 48416 | Vaults:3 | Found a large runed translucent door.
 48416 | Vaults:3 | Found a large runed translucent door.
 48416 | Vaults:3 | Found a large runed translucent door.
 48416 | Vaults:3 | Found a large runed translucent door.
 48416 | Vaults:3 | Found a large runed translucent door.
 48416 | Vaults:3 | Noticed SlowGraham's ghost (legendary KoMo)
 48417 | Vaults:3 | Identified the +10 hand axe "March" {drain, rF+ Str+4}
 48755 | Vaults:3 | Found a staircase to the Crypt.
 48775 | Vaults:3 | Received a gift from Trog
 49675 | Vaults:4 | Noticed Margery
 49679 | Vaults:4 | Noticed Frederick
 49690 | Vaults:4 | Killed Frederick
 49720 | Vaults:4 | Killed Margery
 50222 | Vaults:4 | Reached XP level 22. HP: 215/215 MP: 24/24
 50373 | Vaults:4 | Received a gift from Trog
 50544 | Vaults:4 | Noticed Xtahua
 50786 | Vaults:4 | Got a scintillating steel ring
 50787 | Vaults:4 | Identified the ring "Enoygraw" {rC+ Str+6} (You found it on
                  | level 4 of the Vaults)
 50950 | Vaults:4 | Killed Xtahua
 51319 | Vaults:4 | Received a gift from Trog
 51677 | Vaults:5 | Entered Level 5 of the Vaults
 52008 | Vaults:5 | Received a gift from Trog
 52244 | Vaults:5 | Identified the amulet "Adomomut" {RegenMP +Fly rC+}
 52244 | Vaults:5 | Noticed Boris
 52253 | Vaults:5 | Killed Boris
 52569 | Vaults:5 | Noticed a golden dragon
 52583 | Vaults:5 | Killed a golden dragon
 52885 | Vaults:5 | Paralysed by a floating eye for 2 turns
 52909 | Vaults:5 | Reached XP level 23. HP: 205/224 MP: 25/25
 53289 | Vaults:5 | Received a gift from Trog
 54356 | Vaults:5 | Got a silver rune of Zot
 54937 | Slime:1  | Entered Level 1 of the Pits of Slime
 55311 | Slime:4  | Gained mutation: You are clumsy. (Dex -2) [a shining eye]
 55362 | Slime:4  | Gained mutation: You are dopey. (Int -2) [a shining eye]
 55372 | Slime:4  | Received a gift from Trog
 55423 | Slime:5  | Entered Level 5 of the Pits of Slime
 56277 | Slime:5  | Found a viscous altar of Jiyva.
 56278 | Slime:5  | Noticed the Royal Jelly
 56493 | Snake:2  | Bought a phantom mirror for 510 gold pieces
 56679 | Slime:5  | Received a gift from Trog
 57514 | Slime:5  | Killed the Royal Jelly
 57648 | Slime:5  | Got a slimy rune of Zot
 57689 | Slime:5  | Found the +7 great mace "Firestarter" {inner flame, rF++}
 57721 | Slime:5  | Got a warped plate armour
 57738 | Slime:5  | Identified the +3 plate armour of the Oligarchy {*Contam
                  | rElec Str+8 Dex+3} (You found it on level 5 of the Pits of
                  | Slime)
 58891 | D:4      | Bought a scroll of immolation for 38 gold pieces
 58891 | D:4      | Bought a scroll of enchant armour for 82 gold pieces
 58969 | D:8      | Bought a potion of heal wounds for 105 gold pieces
 58969 | D:8      | Bought a potion of mutation for 168 gold pieces
 58969 | D:8      | Bought a potion of might for 84 gold pieces
 59113 | Snake:1  | Bought a potion of heal wounds for 195 gold pieces
 59113 | Snake:1  | Bought a scroll of magic mapping for 136 gold pieces
 59113 | Snake:1  | Bought a scroll of enchant armour for 292 gold pieces
 59338 | Depths:1 | Entered Level 1 of the Depths
 59347 | Depths:1 | Noticed Gucom's ghost (veteran GnFi)
 59348 | Depths:1 | Found a runed translucent gate.
 59348 | Depths:1 | Found a runed translucent gate.
 59348 | Depths:1 | Found a runed translucent gate.
 59399 | Depths:1 | Killed Gucom's ghost
 59619 | Depths:1 | Reached XP level 24. HP: 198/235 MP: 25/25
 59933 | Depths:1 | Found a gateway to a ziggurat.
 60165 | Depths:1 | Found a gateway to Hell.
 60252 | Depths:1 | Paralysed by a floating eye for 4 turns
 60365 | Depths:2 | Noticed Sojobo
 60366 | Depths:2 | Noticed Boris
 60383 | Depths:2 | Killed Boris
 60406 | Depths:2 | Killed Sojobo
 61105 | Depths:2 | Found a runed translucent door.
 61436 | Depths:2 | Gained mutation: Potions are less effective at restoring
                  | your health. [a shining eye]
 61836 | Depths:3 | Received a gift from Trog
 61867 | Depths:3 | Found a one-way gate leading to the halls of Pandemonium.
 62718 | Depths:3 | Noticed a juggernaut
 62719 | Depths:3 | Found the +15 Maxwell's patent armour {-Cast -Tele rElec
                  | MR+ rCorr}
 62722 | Depths:3 | Paralysed by a floating eye for 3 turns
 62730 | Depths:3 | Paralysed by a floating eye for 2 turns
 62742 | Depths:3 | Paralysed by a floating eye for 3 turns
 62746 | Depths:3 | Killed a juggernaut
 63211 | Depths:3 | Found a one-way gate to the infinite horrors of the Abyss.
 63361 | Depths:3 | Found Buzxoygi's Jewellery Shop.
 63527 | Depths:4 | Paralysed by a floating eye for 4 turns
 63664 | Depths:4 | Reached XP level 25. HP: 224/246 MP: 8/25
 64821 | Depths:4 | Noticed a juggernaut
 64837 | Depths:4 | Received a gift from Trog
 64839 | Depths:4 | Killed a juggernaut
 65221 | Depths:4 | Noticed a juggernaut
 65229 | Depths:4 | Killed a juggernaut
 66074 | Depths:5 | Entered Level 5 of the Depths
 66165 | Depths:5 | Found Xezuoh's General Store.
 66169 | Depths:5 | Found a flickering gateway to a bazaar.
 66189 | Depths:5 | Received a gift from Trog
 66206 | Bazaar   | Entered a bazaar
 66206 | Bazaar   | Found Oref's Antique Weapon Shop.
 66206 | Bazaar   | Found Totat's General Store.
 66206 | Bazaar   | Found Fuaciniblu's Jewellery Shop.
 66228 | Bazaar   | Found Olaergh's Food Shoppe.
 66228 | Bazaar   | Found Qeajac's Antique Weapon Boutique.
 66249 | Bazaar   | Bought a scroll of blinking for 120 gold pieces
 66257 | Bazaar   | Bought a twisted broad axe for 288 gold pieces
 66263 | Bazaar   | Identified the +4 broad axe of Forced Transition {chop,
                  | Int+6 Dex+4} (You bought it in a shop in a bazaar)
 66312 | Depths:5 | Bought a potion of heal wounds for 60 gold pieces
 66312 | Depths:5 | Bought a potion of haste for 120 gold pieces
 66312 | Depths:5 | Bought a scroll of blinking for 90 gold pieces
 66331 | Depths:5 | Found Biusses's Distillery.
 66334 | Depths:5 | Found Seniup's Armour Shoppe.
 66343 | Depths:5 | Received a gift from Trog
 66472 | Depths:5 | Bought a potion of cancellation for 168 gold pieces
 66472 | Depths:5 | Bought a potion of haste for 210 gold pieces
 66472 | Depths:5 | Bought a potion of heal wounds for 105 gold pieces
 66472 | Depths:5 | Bought a potion of haste for 210 gold pieces
 66472 | Depths:5 | Bought a potion of curing for 63 gold pieces
 66472 | Depths:5 | Bought a potion of haste for 210 gold pieces
 66472 | Depths:5 | Bought a potion of curing for 63 gold pieces
 66472 | Depths:5 | Bought a potion of agility for 84 gold pieces
 67191 | Depths:5 | Found a gate to the Realm of Zot.
 67475 | Depths:5 | Received a gift from Trog
 67479 | Depths:5 | Reached XP level 26. HP: 258/258 MP: 25/25
 67608 | Depths:5 | Found Moriorur's Magic Scroll Boutique.
 67614 | Depths:5 | Bought a scroll of enchant weapon for 97 gold pieces
 67614 | Depths:5 | Bought a scroll of brand weapon for 260 gold pieces
 67614 | Depths:5 | Bought a scroll of teleportation for 39 gold pieces
 67614 | Depths:5 | Bought a scroll of acquirement for 676 gold pieces
 67617 | Depths:5 | Got a pair of translucent gloves
 67618 | Depths:5 | Identified the +4 pair of gloves "Kibycazu" {rF++ rCorr
                  | Str+4} (You acquired it on level 5 of the Depths)
 67918 | Zot:1    | Entered Level 1 of the Realm of Zot
 67960 | Zot:1    | Received a gift from Trog
 68626 | Zot:5    | Entered Level 5 of the Realm of Zot
 68820 | Zot:5    | Found a runed translucent gate.
 68820 | Zot:5    | Found a runed translucent gate.
 68821 | Zot:5    | Found a runed translucent gate.
 68821 | Zot:5    | Found an opulent altar of Gozag.
 68824 | Zot:5    | Noticed tehofadaz's ghost (veteran DDFi)
 69344 | Zot:5    | Reached skill level 27 in Fighting
 69638 | Zot:5    | Noticed an ancient lich
 69639 | Zot:5    | Noticed an orb of fire
 69645 | Zot:5    | Received a gift from Trog
 69646 | Zot:5    | Gained mutation: Armour fits poorly on your strangely
                  | shaped body. [an orb of fire]
 69650 | Zot:5    | Gained mutation: You tend to lose your temper in combat.
                  | [an orb of fire]
 69656 | Zot:5    | Gained mutation: You occasionally shout uncontrollably at
                  | your foes. [an orb of fire]
 69667 | Zot:5    | Gained mutation: Potions are poor at restoring your health.
                  | [an orb of fire]
 69668 | Zot:5    | Killed an orb of fire
 69669 | Zot:5    | Killed an ancient lich
 69682 | Zot:5    | Reached XP level 27. HP: 222/270 MP: 8/25
 69756 | Zot:5    | Lost mutation: You occasionally shout uncontrollably at
                  | your foes. [potion of mutation]
 69756 | Zot:5    | Lost mutation: You are clumsy. (Dex -2) [potion of
                  | mutation]
 69756 | Zot:5    | Lost mutation: Armour fits poorly on your strangely shaped
                  | body. [potion of mutation]
 69756 | Zot:5    | Lost mutation: You tend to lose your temper in combat.
                  | [potion of mutation]
 69757 | Zot:5    | Lost mutation: You are dopey. (Int -2) [potion of mutation]
 69757 | Zot:5    | Gained mutation: You have very sharp teeth. [potion of
                  | mutation]
 69757 | Zot:5    | Gained mutation: You possess an exceptional clarity of
                  | mind. [potion of mutation]
 69758 | Zot:5    | Lost mutation: You possess an exceptional clarity of mind.
                  | [potion of mutation]
 69758 | Zot:5    | Lost mutation: You have very sharp teeth. [potion of
                  | mutation]
 69758 | Zot:5    | Gained mutation: Your skin changes colour to match your
                  | surroundings (Stealth+). [potion of mutation]
 69758 | Zot:5    | Gained mutation: You are clumsy. (Dex -2) [potion of
                  | mutation]
 69758 | Zot:5    | Gained mutation: Your movements are slightly less
                  | encumbered by armour. (ER -2) [potion of mutation]
 69810 | Zot:5    | Received a gift from Trog
 69830 | Zot:5    | Reached skill level 27 in Armour
 69836 | Zot:5    | Noticed an orb of fire
 69839 | Zot:5    | Noticed an orb of fire
 69845 | Zot:5    | Gained mutation: You occasionally shout uncontrollably at
                  | your foes. [an orb of fire]
 69850 | Zot:5    | Gained mutation: You have a pair of large horns on your
                  | head. [an orb of fire]
 69854 | Zot:5    | Gained mutation: You are very clumsy. (Dex -4) [an orb of
                  | fire]
 69855 | Zot:5    | Noticed an orb of fire
 69858 | Zot:5    | Gained mutation: Scrolls take you a little longer to read.
                  | [an orb of fire]
 70099 | Zot:5    | Lost mutation: Potions are poor at restoring your health.
                  | [potion of mutation]
 70099 | Zot:5    | Lost mutation: Scrolls take you a little longer to read.
                  | [potion of mutation]
 70099 | Zot:5    | Gained mutation: You passively map a small area around you.
                  | [potion of mutation]
 70099 | Zot:5    | Gained mutation: You are partially covered in large bone
                  | plates. (SH +4) [potion of mutation]
 70217 | Zot:5    | Noticed an ancient lich
 70237 | Zot:5    | Killed an ancient lich
 70245 | Zot:5    | Gained mutation: You sometimes yell uncontrollably at your
                  | foes. [an orb of fire]
 70255 | Zot:5    | Killed from afar by an orb of fire

Levels and vault maps discovered:
D:1:      tarquinn_simple_flora_water_b, layout_loops_ring, minmay_vboxes
D:2:      layout_rooms
D:3:      layout_basic, nicolae_overflow_crystal_walls
D:4:      layout_basic, minmay_temple_entry_statues_pillars,
          nicolae_ossuary_entry_giza, serial_shops, shop, shop
D:5:      layout_basic, first_ration
D:6:      layout_basic, uniq_prince_ribbit1
D:7:      layout_rooms, minmay_overflow_temple_star_quad, serial_curves,
          eino_curves_04, eino_curves_01, uniq_joseph
D:8:      layout_cave_pods, nicolae_dithmenos_the_darkroom, serial_shops,
          nicolae_shop_stone
D:9:      layout_rooms, nicolae_overflow_hidden_temple, special_room
          [special_room_orc]
D:10:     layout_basic, lair_entry_dummy, orc_0_dummy, enter_trove_0,
          uniq_harold, uniq_snorg
D:11:     layout_loops_ring
D:12:     layout_basic
D:13:     layout_cave_pods, serial_shops, nicolae_shop_trees,
          hangedman_stone_soup, grunt_gozag_breadcrumbs
D:14:     layout_roguey, hangedman_vaults_entry_quadrant_bands, hex_medium,
          uniq_nessos, uniq_agnes, uniq_frances, uniq_josephine
D:15:     grunt_enter_depths_magical_seal, layout_gridville, st_stairs_8
Lair:1:   layout_roguey [special_room_bee], infiniplex_staircase_pool,
          lemuel_fruit_fields, lemuel_fruit_tree
Lair:2:   dragon1_lemuel, layout_misc_corridors, guppyfry_snake_entry_garden,
          minivault_11, bh_chokoban, uniq_gastronok, uniq_erica
Lair:3:   layout_chaotic_city, swamp_mist_pool
Lair:4:   layout_loops_ring, minmay_lair_oklob_chamber, grunt_megastairs_2,
          serial_bayou_shore_a
Lair:5:   layout_big_grid, basic_altar, lemuel_fruit_fields, uniq_kirke
Lair:6:   hangedman_lair_caniforms_friends, layout_gridlike,
          minmay_slime_entry_oklob_enclosed, hangedman_lair_unloving_vines,
          serial_bayou_pond_a
Swamp:1:  layout_falls_marsh, nicolae_swamp_trees_clearing, swamp_pool5
Swamp:2:  layout_basic_swamp, nicolae_swamp_very_dense_foliage, swamp_pool1,
          nicolae_swamp_triple_paths, uniq_nikola
Swamp:3:  gammafunk_mikee_crab_dinner, layout_falls_marsh, serial_swamp_ruin,
          evilmike_swamp_ruin_house_3, evilmike_swamp_ruin_house_2,
          evilmike_swamp_ruin_rubble_1
Swamp:4:  swamp_vile, layout_basic_swamp
Snake:1:  layout_misc_corridors, serial_shops, shop, grunt_ministairs_12,
          hangedman_snake_corridor_cut, uniq_aizul, uniq_roxanne, uniq_louise
Snake:2:  layout_rooms, minmay_shop_grove
Snake:3:  layout_concentric_octagons
Snake:4:  snake_pit_salamanders_mu, layout_cave_town, grunt_ministairs_10
Slime:1:  cheibrodos_slime_lost_civilization_9, layout_caves
Slime:2:  layout_caves
Slime:3:  layout_caves, nicolae_slime_round_cave
Slime:4:  layout_caves
Slime:5
Orc:1:    layout_caves
Orc:2:    st_orc_pillars, layout_caves, lemuel_statue_altar, uniq_jorgrun,
          uniq_azrael
Elf:1:    eino_elf_arrival_the_gate, layout_geoelf_octagon, serial_shops,
          bzr_entry_customers, portal_desolation_entry_twin_temple,
          minmay_elf_sorcery, minivault_13
Elf:2:    layout_onion_city, guppyfry_elf_altar
Elf:3:    minmay_elf_hall_x, layout_onion_city, serial_shops, shop_statue
Vaults:1: hangedman_vaults_slice, v_misc_27, nicolae_vaults_big_angled_halls,
          hangedman_vaults_river_flow, vaults_mumra_chevron, vaults_mumra_hex,
          v_alt_pattern_3, v_misc_22, dpeg_vaults_monster_row,
          kennysheep_vaults_gozag_temple, v_alt_pattern_2, v_misc_22,
          ontoclasm_vaults_ring_large, nicolae_vaults_big_angled_halls,
          ontoclasm_vaults_twist, layout_vaults_maze_bifur, serial_shops, shop,
          uniq_asterion
Vaults:2: hangedman_vaults_pinch, v_misc_4, hangedman_vaults_hard_town_square,
          ontoclasm_vaults_pinch, nicolae_vaults_alarming, v_misc_16,
          layout_vaults_quadrants
Vaults:3: advil_vaults_ghost_lines, ontoclasm_vaults_gateway,
          grunt_vaults_twisty, nicolae_vaults_stairing_the_circle,
          minmay_crypt_entry_simple_statues, vaults_dpeg_encased_lava,
          ontoclasm_vaults_shuriken, vaults_dpeg_ring,
          nicolae_vaults_what_the_h, nicolae_vaults_mini_display_case,
          nicolae_vaults_asterisk, hangedman_vaults_trim,
          layout_vaults_omnicross, uniq_boris
Vaults:4: v_pattern_3, vaults_dpeg_spiral, hangedman_vaults_corner, v_rooms_1,
          v_alt_pattern_4, ontoclasm_vaults_ring_large,
          nicolae_vaults_shelves_hall, vaults_standard_mumra_lines, st_cells,
          nicolae_vaults_border_crossing, layout_vaults_ring, uniq_margery,
          uniq_frederick, uniq_xtahua
Vaults:5: serial_shops
Depths:1: layout_cave_pools, enter_ziggurat_c, ebering_ghost_rock_garden,
          kennysheep_path_1, hangedman_coc_ice_floe, minmay_fountain_box,
          minmay_librarian
Depths:2: box_level_dp, hell_entry, uniq_sojobo
Depths:3: minmay_the_grid_triangle_9x9_line_8_mashed
          [minmay_the_grid_triangle_9x9_swiss_cheese,
          minmay_the_grid_triangle_9x9_dagger,
          minmay_the_grid_triangle_9x9_intruding_spiral,
          minmay_the_grid_triangle_9x9_longest,
          minmay_the_grid_triangle_9x9_impossible_snake,
          minmay_the_grid_triangle_9x9_minimal,
          minmay_the_grid_triangle_9x9_cache,
          minmay_the_grid_triangle_9x9_prize_top_heavy], layout_cave_pools,
          abyss_entry_small_statue_room, pan_entry, hell_entry, serial_shops,
          kennysheep_mini_moat, minmay_curled_crystal, hangedman_decor_growths,
          infiniplex_staircase_hallway_doors, firewood_loft
Depths:4: nooodl_heptagram, layout_basic, hell_entry,
          nicolae_abyss_entry_one_way_or_another, serial_sigils_hangedman_stare,
          serial_bayou_lagoon_a
Depths:5: lemuel_castle_with_subvaults [lemuel_castle_interior_carwin_1],
          layout_gridlike, hell_entry, minmay_misc_feat_tower, serial_shops,
          bzr_entry_lakeside, shop, nicolae_shop_crystal, pan_entry,
          minmay_shoptagon
Zot:1:    layout_misc_corridors, grunt_megastairs_3
Zot:2:    layout_onion_interference
Zot:3:    layout_gridlike
Zot:4:    layout_misc_corridors
Zot:5:    layout_misc_corridors, ebering_ghost_gozag

Skill      XL: |  1  2  3  4  5  6  7  8  9 10 11 12 13 14 15 16 17 18 19 20 21 22 23 24 25 26 27 |
---------------+----------------------------------------------------------------------------------+-----
Fighting       | 4 5 6 8 9 10 11 13 14 15 16 17 18 19 20 21 22 23 24 25 27 | 27.0
Axes           | 4 5 6 7 9 10 11 13 14 15 16 18 | 18.0
Armour         | 3 4 5 6 7 8 10 11 12 13 14 15 16 18 19 20 21 22 23 24 25 26 27 | 27.0
Dodging        | 3 4 5 6 8 9 10 11 12 13 14 15 16 17 18 19 20 21 22 23 | 23.6
Evocations     | 2 4 5 |  5.0
Shields        | 3 7 9 11 13 14 16 17 19 21 22 24 25 | 25.0

Action                   |  1- 3 |  4- 6 |  7- 9 | 10-12 | 13-15 | 16-18 | 19-21 | 22-24 | 25-27 || total
-------------------------+-------+-------+-------+-------+-------+-------+-------+-------+-------++-------
Melee: Hand axe          |    39 |   186 |       |       |       |       |       |       |       ||   225
       Headbutt          |     6 |    49 |    38 |   139 |   388 |   451 |   438 |   607 |   334 ||  2450
       War axe           |       |       |   237 |   576 |  1364 |   575 |  1522 |   978 |       ||  5252
       Scimitar          |       |       |       |       |     6 |       |       |       |       ||     6
       Broad axe         |       |       |       |       |   209 |  1131 |    16 |   688 |  1019 ||  3063
       Unarmed           |       |       |       |       |       |       |       |       |    15 ||    15
Throw: Throwing net      |       |       |       |       |       |       |       |     2 |       ||     2
Invok: Berserk           |     1 |     2 |     2 |     8 |     8 |     2 |     2 |     3 |       ||    28
       Trog's Hand       |       |     1 |     6 |     6 |    24 |     4 |     4 |     3 |     1 ||    49
       Brothers in Arms  |       |       |     1 |     1 |     2 |       |       |    10 |       ||    14
Evoke: Wand              |       |       |     3 |     4 |     9 |     2 |     1 |     1 |     2 ||    22
       Box of beasts     |       |       |       |       |       |       |       |     1 |       ||     1
       Phantom mirror    |       |       |       |       |       |       |       |     1 |       ||     1
  Use: Scroll            |     6 |     7 |     6 |     1 |     8 |    15 |    17 |    20 |    31 ||   111
       Potion            |       |       |       |     3 |     6 |     3 |     2 |     8 |     7 ||    29
 Stab: Invisible         |       |       |       |       |     6 |       |       |       |       ||     6
       Distracted        |       |       |       |       |     2 |       |       |     2 |       ||     4
  Eat: Chunk             |     1 |     6 |    15 |    20 |    38 |     9 |    29 |     9 |     4 ||   131
       Ration            |       |     1 |       |     3 |     6 |    11 |     5 |    13 |     8 ||    47
Armor: Animal skin       |     6 |     5 |       |       |       |       |       |       |       ||    11
       Ring mail         |       |    28 |    44 |       |       |       |       |       |       ||    72
       Leather armour    |       |       |     4 |    12 |       |       |       |       |       ||    16
       Scale mail        |       |       |     3 |       |       |       |       |       |       ||     3
       Chain mail        |       |       |       |   129 |   345 |       |       |       |       ||   474
       Skin              |       |       |       |    84 |       |       |       |       |       ||    84
       Plate armour      |       |       |       |       |    69 |   390 |   222 |   437 |   267 ||  1385
Dodge: Dodged            |    24 |   143 |   206 |   468 |   641 |   516 |   371 |   483 |   306 ||  3158
Block: Shield            |       |       |       |       |   383 |       |       |       |       ||   383
       Large shield      |       |       |       |       |   681 |  1816 |  1462 |  1955 |  1131 ||  7045
       Reflection        |       |       |       |       |       |   180 |   115 |    69 |       ||   364
